 Dungeon Crawl Stone Soup version 0.13.0-21-ge43020b (webtiles) character file.

334 M4edhros the Covert (level 6, -3/39 HPs)
             Began as an Octopode Artificer on Oct 26, 2013.
             Slain by an orc
             ... wielding a +0,+0 halberd
              (13 damage)
             ... on Level 4 of the Dungeon.
             The game lasted 00:02:06 (1849 turns).

M4edhros the Covert (Octopode Artificer)            Turns: 1849, Time: 00:02:07

HP  -3/39        AC  1     Str 10      XL: 6   Next: 34%
MP   9/9         EV 12     Int 16      God:
Gold 39          SH  0     Dex 13      Spells:  0 memorised,  5 levels left

Res.Fire  : . . .   See Invis. : .   a - +0 short sword
Res.Cold  : . . .   Warding    : .   (no shield)
Life Prot.: . . .   Conserve   : .   (helmet restricted)
Res.Poison: .       Res.Corr.  : .   (no amulet)
Res.Elec. : .       Clarity    : .   (no ring)
Sust.Abil.: . .     Spirit.Shd : .   (no ring)
Res.Mut.  : .       Stasis     : .   (no ring)
Res.Rott. : .       Flight     : .   (no ring)
Saprovore : . . .                    (no ring)
                                     (no ring)
                                     (no ring)
                                     (no ring)

@: slightly resistant to hostile enchantments, extremely stealthy
A: almost no armour, amphibious, 8 rings, constrict 8, camouflage 1, AC +1
a: no special abilities


You were on level 4 of the Dungeon.
You were not hungry.

You visited 1 branch of the dungeon, and saw 4 of its levels.

You collected 19 gold pieces.

Inventory:

Hand weapons
 a - a +0,+0 short sword (weapon)
 m - a +0 blowgun
Missiles
 n - 4 poisoned needles
Magical devices
 b - a wand of flame (2)
 c - a wand of enslavement (14)
 d - a wand of random effects (10)
Comestibles
 f - a bread ration
 i - a meat ration
 l - a choko
 o - a pear
 q - 2 chunks of ogre flesh
Scrolls
 e - 5 scrolls of identify {unknown}
 g - a scroll of remove curse {unknown}
 j - a scroll of amnesia {unknown}
 k - a scroll of blinking {unknown}
Potions
 h - a potion of resistance {unknown}
 p - a potion of heal wounds {unknown}


   Skills:
 - Level 1.0 Fighting
 - Level 1.0 Short Blades
 - Level 2.0 Dodging
 + Level 8.9 Stealth
 - Level 3.2 Evocations


You had 5 spell levels left.
You didn't know any spells.

Dungeon Overview and Level Annotations

Branches:
Dungeon (4/27)
 Temple: D:4-7

Altars:

Shops:
D:4 /


Innate Abilities, Weirdness & Mutations

You cannot wear most types of armour.
You are amphibious.
You can wear up to eight rings at the same time.
You can use your tentacles to constrict many enemies at once.
Your skin changes colour to match your surroundings (Stlth).
Your rubbery body absorbs attacks (AC +1).


Message History

The hobgoblin is severely wounded.
You constrict the hobgoblin.
You kill the hobgoblin!
The orc closely misses you.
You hit the orc wizard but do no damage.
Your grab misses the orc wizard. Your squeeze misses the orc wizard.
The orc wizard unwields an uncursed orcish dagger.
The orc wizard drops an uncursed orcish dagger.
The orc wizard picks up an orcish mace.
The orc wizard wields an orcish mace.
You hit the orc wizard. Your grab misses the orc wizard.
You squeeze the orc wizard.
The orc wizard is heavily wounded.
The orc hits you from afar with a halberd!
* * * LOW HITPOINT WARNING * * *
The orc wizard closely misses you.
You closely miss the orc wizard. You grab the orc wizard.
The orc wizard is heavily wounded.
You constrict the orc wizard, but do no damage.
The orc hits you from afar with a halberd!
You die...

.......######## #.# .#
#.#.##.# ##.###.##.#
#....<.# #... ..>..
###.#### ##.###.#.# #...#
#......#)###.#
#...########.##....o...#
#...............o..#####
##...#.###.#.###o#### .
.........#.#.###@####.....
.............%.)..........
...........#.....#.##.....
##...#.##..#..#∩##... .
#......%..)....# ..##
##...#.#####..####..##
..........%...........
.##.##.#####........#.
........###########...


You could see an orc wizard and an orc.

Vanquished Creatures
  2 ogres (D:4)
  An iguana (D:4)
  Ijyb (D:2)
  3 gnolls (D:4)
  An adder (D:3)
  A giant mite (D:4)
  An ooze (D:3)
  5 orcs (D:4)
  9 bats
  A bat skeleton (D:4)
  2 giant cockroaches
  7 hobgoblins
  2 giant newts
  A giant newt skeleton (D:4)
  7 goblins
  4 kobolds
  3 rats
51 creatures vanquished.

Notes
Turn   | Place    | Note
--------------------------------------------------------------
     0 | D:1      | M4edhros, the Octopode Artificer, began the quest for the Orb.
     0 | D:1      | Reached XP level 1. HP: 14/14 MP: 1/1
   183 | D:1      | Reached XP level 2. HP: 17/19 MP: 3/3
   729 | D:2      | Reached skill level 4 in Stealth
   756 | D:2      | Reached XP level 3. HP: 24/24 MP: 4/4
   761 | D:2      | Noticed Ijyb
   769 | D:2      | Killed Ijyb
   809 | D:3      | Reached skill level 5 in Stealth
  1252 | D:4      | Reached XP level 4. HP: 26/29 MP: 6/6
  1298 | D:4      | Reached skill level 6 in Stealth
  1539 | D:4      | Noticed an ogre
  1547 | D:4      | Killed an ogre
  1547 | D:4      | Reached skill level 7 in Stealth
  1547 | D:4      | Reached XP level 5. HP: 12/34 MP: 7/7
  1620 | D:4      | Found Psuita's Magical Wand Boutique.
  1652 | D:4      | Noticed an ogre
  1676 | D:4      | Killed an ogre
  1676 | D:4      | Reached skill level 8 in Stealth
  1676 | D:4      | Reached XP level 6. HP: 18/39 MP: 9/9
  1849 | D:4      | Slain by an orc

Action                   |  1- 3 |  4- 6 || total
-------------------------+-------+-------++-------
Melee: Short sword       |    62 |    30 ||    92
Evoke: Wand              |     1 |    18 ||    19
 Stab: Sleeping          |     7 |     7 ||    14
       Distracted        |     1 |       ||     1
